 Dungeon Crawl Stone Soup version 0.26-a0-863-g3bff4b215c (webtiles) character file.

Game seed: 10564985341064578641

5 araganzar the Sneak (level 1, -5/14 HPs)
             Began as a Gargoyle Delver on Nov 26, 2020.
             Slain by an orc
             ... wielding a +0 hand axe
              (7 damage)
             ... on level 4 of the Dungeon.
             The game lasted 00:00:46 (104 turns).

araganzar the Sneak (Gargoyle Delver)                Turns: 104, Time: 00:00:47

Health: -5/14      AC:  6    Str: 15    XL:     1   Next: 80%
Magic:  1/1        EV: 11    Int: 10    God:
Gold:   13         SH:  0    Dex: 11    Spells: 0/0 levels left

rFire    . . .     SeeInvis .   a - +0 hand axe
rCold    . . .     Faith    .   (no shield)
rNeg     + . .     Spirit   .   b - +1 leather armour
rPois    ∞         Reflect  .   (no helmet)
rElec    +         Harm     .   (no cloak)
rCorr    .         Rampage  .   (no gloves)
MR       .....                  (no boots)
Stlth    +++.......             (no amulet)
HPRegen  0.04/turn              (no ring)
MPRegen  0.07/turn              (no ring)

@: no status effects
A: negative energy resistance 1, electricity resistance, unbreathing,
petrification resistance, rot immunity, AC +2
a: no special abilities


You were on level 4 of the Dungeon.
You visited 1 branch of the dungeon, and saw 2 of its levels.

You collected 13 gold pieces.


Innate Abilities, Weirdness & Mutations

You are resistant to torment.
Your stone body is resilient. (AC +2)
You are immune to poison.
You resist negative energy. (rN+)
You are resistant to electric shocks. (rElec)
You can survive without breathing.
You are immune to petrification.
You are immune to rotting.


   Skills:
 + Level 3.4 Fighting
 + Level 1.9 Axes
 + Level 1.7 Dodging
 + Level 5.5 Stealth


You couldn't memorise any spells.
You didn't know any spells.
Your spell library contained the following spells:

 Spells                   Type           Power        Failure   Level
 Corona                   Hex            #......      43%         1
 Ensorcelled Hibernation  Hex/Ice        #.....       56%         2
 Confusing Touch          Hex            #.......     80%         3
 Dazzling Flash           Conj/Hex       #.....       80%         3
 Tukima's Dance           Hex            #.......     80%         3

Inventory:

Hand Weapons
 a - a +0 hand axe (weapon)
Armour
 b - a +1 leather armour (worn)
Wands
 g - a wand of digging (3)
Scrolls
 d - a scroll of magic mapping {!r}
Potions
 f - a potion of haste

#. ....# ##.
....#
....####...##
....o.......#
#...>.# .
####.## ...
#..§..##
....###S##...##
....§§@h§§....#
#§§o§#...#..#
#.§o##S..###..#
#.§...§#.# .#
#..#..##... ..
# #o. #..## .#
.o.. #w.. ##
..o.. .....
...... ......


You could see a hound (inner flame), an orc priest, 2 adders and an orc (inner
flame).


Message History

An adder comes into view.
A bullfrog skeleton comes into view.
The hound bites you.
You take 1 damage, and have 7/14 hp.
The hound closely misses you. The orc closely misses you. The hound bites you.
* * * LOW HITPOINT WARNING * * *
You take 3 damage, and have 4/14 hp.
MASSIVE DAMAGE!!
Unknown command.
Unknown command.
As you read the scroll of fog, it crumbles to dust.
The scroll dissolves into smoke.
The hound misses you.
Unknown command.
Unknown command.
The hound bites you.
* * * LOW HITPOINT WARNING * * *
You take 2 damage, and have 2/14 hp.
Unknown command.
Unknown command.
As you read the scroll labelled COYCUV IDDEGUMM, it crumbles to dust.
It is a scroll of enchant armour.
Your +0 leather armour glows green for a moment.
The orc closely misses you. The hound barely misses you.
Unknown command.
Unknown command.
As you read the scroll labelled ZEIZUJ SILOIKH, it crumbles to dust.
The creatures around you are filled with an inner flame!
It was a scroll of immolation.
The hound closely misses you. The orc hits you with a +0 hand axe!
Ouch! That really hurt!
You die...

Action                   || total
-------------------------++-------
Melee: Hand axe          ||    15
  Use: Scroll            ||     4
Armor: Leather armour    ||     7
Dodge: Dodged            ||    25

Levels and vault maps discovered:
D:4:      layout_cave_pools, lemuel_crystal_altar, uniq_robin, uniq_menkaure
D:5:      layout_basic, general_overflow_altar, hex_intersection, uniq_duvessa

Notes
Turn   | Place    | Note
-------+----------+-------------------------------------------
     0 | D:5      | araganzar the Gargoyle Delver began the quest for the Orb.
     0 | D:5      | Reached XP level 1. HP: 14/14 MP: 1/1
    91 | D:4      | Noticed a hound
    91 | D:4      | Noticed an orc wizard
    98 | D:4      | Noticed an orc priest
   104 | D:4      | Slain by an orc

Vanquished Creatures
  4 jackals (D:5)
4 creatures vanquished.
